 Dungeon Crawl Stone Soup version 0.31.0-11-ge490571c62 (webtiles) character file.

Game seed: 9145510519533472842

49 Goblin1989 the Sneak (level 3, 0/29 HPs)
             Began as a Demonspawn Delver on Jan 27, 2024.
             Slain by a jelly (2 damage)
             ... on level 5 of the Dungeon.
             The game lasted 00:02:21 (364 turns).

Goblin1989 the Sneak (Demonspawn Delver)             Turns: 364, Time: 00:02:22

Health: 0/29       AC:  3    Str: 12    XL:     3   Next: 51%
Magic:  3/3        EV: 11    Int: 10    God:
Gold:   40         SH:  0    Dex: 16    Spells: 2/2 levels left

rFire   . . .        a - +0 short sword
rCold   . . .        (no shield)
rNeg    . . .        b - +0 leather armour
rPois   .            (helmet restricted)
rElec   .            (no cloak)
rCorr   .            (no gloves)
SInv    .            (no boots)
Will    .....        (no amulet)
Stlth   +++          (no ring)
HPRegen 0.24/turn    (no ring)
MPRegen 0.08/turn

%: no passive effects
@: no status effects
A: horns 1
a: no special abilities


You were on level 5 of the Dungeon.
You visited 1 branch of the dungeon, and saw 1 of its levels.

You collected 40 gold pieces.

Inventory:

Hand Weapons
 a - a +0 short sword (weapon)
Missiles
 i - 3 poisoned darts (quivered)
Armour
 b - a +0 leather armour (worn)
 h - a +0 scale mail
Jewellery
 j - a +6 ring of intelligence
Wands
 g - a wand of digging (3) {@v3}
Scrolls
 c - a scroll of fog
 d - a scroll of revelation
 e - a scroll of fear
Potions
 f - a potion of haste {@q3,}


   Skills:
 - Level 3.0 Fighting
 - Level 1.7 Short Blades
 - Level 1.7 Dodging
 + Level 5.7 Stealth


You had 2 spell levels left.
You didn't know any spells.
Your spell library was empty.

Dungeon Overview and Level Annotations

Branches:
Dungeon (5/15) Zot: 5636
 Temple: D:4-7

Altars:


Innate Abilities, Weirdness & Mutations

You have a pair of small horns on your head.


Message History

You see here 3 poisoned darts.
i - 3 poisoned darts You open the door.
There is an open door here.
As you open the door, it creaks loudly!
There is an open door here.
There is an open door here.
Found a stone staircase leading down.
There is a stone staircase leading down here.
There is a stone staircase leading down here.
There is an open door here.
There is an open door here.
There is a stone staircase leading down here.
There is an escape hatch in the ceiling here.
Found 5 stones.
Found 14 gold pieces.
Found a white marble altar of Elyvilon.
You see here 5 stones.
Found a bronze ring.
j - a +6 ring of intelligence
Okay, then.
Found a dagger.
An adder comes into view.
Found a scroll labelled ESTRET UKHLAUXZI.
A howler monkey comes into view.
The adder hisses angrily.
The howler monkey howls!
The howler monkey hoots and howls with incredible vigour!
You hear a shout! x2
You closely miss the adder. The adder bites you.
You take 2 damage, and have 16/18 hp.
You hit the adder but do no damage.
An iguana comes into view.
The adder closely misses you.
The iguana hisses angrily.
You hit the adder.
The adder is heavily wounded.
The adder barely misses you.
You hit the adder.
The adder is severely wounded.
The adder barely misses you.
A jelly comes into view.
The jelly quivers.
You hit the adder.
The adder is almost dead.
The adder closely misses you. The adder bites you but does no damage.
You completely miss the adder. You punch the adder.
You kill the adder!
The howler monkey hoots and howls with incredible vigour!
You hear a shout! x2
Your Stealth skill increases to level 5!
You have reached level 2!
Your demonic ancestry asserts itself...
A pair of horns grows on your head!
You regained 6 hp, and now have 23/24 hp.
MP restored: 2 Health restored: 24 You hit the howler monkey.
Your headbutt misses the howler monkey.
The howler monkey is lightly wounded.
The howler monkey hits you.
You take 4 damage, and have 20/24 hp.
You hit the howler monkey. You headbutt the howler monkey.
The howler monkey is moderately wounded.
The howler monkey hits you but does no damage.
You closely miss the howler monkey. You headbutt the howler monkey.
The howler monkey is severely wounded.
The howler monkey barely misses you.
You hit the howler monkey but do no damage.
The howler monkey is severely wounded.
The howler monkey hits you.
You take 1 damage, and have 20/24 hp.
You hit the howler monkey. You headbutt the howler monkey.
The howler monkey is almost dead.
The howler monkey closely misses you. The jelly hits you but does no damage.
You barely miss the howler monkey. You headbutt the howler monkey.
You kill the howler monkey!
You have reached level 3!
Your experience leads to an increase in your attributes!
Increase (s)trength, (i)ntelligence, or (d)exterity?
You feel agile. x2
You regained 5 hp, and now have 25/29 hp.
MP restored: 3 You hit the jelly.
Your hands burn!
The jelly is moderately wounded.
The jelly hits you but does no damage.
You take 5 damage, and have 20/29 hp.
You hit the jelly.
Your hands burn!
The jelly is moderately wounded.
The jelly barely misses you.
You take 4 damage, and have 16/29 hp.
You hit the jelly.
Your hands burn!
The jelly is heavily wounded.
The jelly hits you.
You are splashed with acid!
* * * LOW HITPOINT WARNING * * *
You take 10 damage, and have 6/29 hp.
MASSIVE DAMAGE!!
You hit the jelly.
Your hands burn!
* * * LOW HITPOINT WARNING * * *
Your headbutt misses the jelly.
The jelly is severely wounded.
The jelly hits you.
You die...

████████.███.█ █ █.█
█.█ █ █.█ █.█ █ █.█ █.█
█ █.█ █.█ █ █.█ █.█ █
████████████.█ █.█ █
████...J........█ █
█......†@....█..███.█ █
.....█†███████........█
....).. ███..█████
....... █..█ ███...
█...█ ...J ....█ ..?..
██...█ ██.... ...██
B..█


You could see a jelly.

Vanquished Creatures
  A howler monkey (D:5)
  An adder (D:5)
2 creatures vanquished.

Notes
Turn   | Place    | Note
-------+----------+-------------------------------------------
     0 | D:5      | Goblin1989 the Demonspawn Delver began the quest for the
                  | Orb.
     0 | D:5      | Reached XP level 1. HP: 18/18 MP: 1/1
    50 | D:5      | Noticed a bombardier beetle
   345 | D:5      | Noticed a howler monkey
   347 | D:5      | Noticed an iguana
   349 | D:5      | Noticed a jelly
   352 | D:5      | Reached skill level 5 in Stealth
   352 | D:5      | Gained mutation: You have a pair of small horns on your
                  | head. [demonic ancestry]
   352 | D:5      | Reached XP level 2. HP: 23/24 MP: 2/2
   360 | D:5      | Killed a howler monkey
   361 | D:5      | Reached XP level 3. HP: 25/29 MP: 3/3
   364 | D:5      | HP: 1/29 [acid (5)]
   364 | D:5      | Slain by a jelly

Illustrated notes

Levels and vault maps discovered:
D:5:      layout_loops_ring, mainiacjoe_overflow_boulevard,
          nicolae_elyvilon_temple_path, kennysheep_generic_room_8

Skill      XL: |  1 |
---------------+----+-----
Stealth        | 5 |  5.7
Fighting       | |  3.0
Short Blades   | |  1.7
Dodging        | |  1.7

Action                     || total
---------------------------++-------
  Melee: Short sword       ||    16
         Punch             ||     1
         Headbutt          ||     4
 Armour: Leather armour    ||     9
  Dodge: Dodged            ||     7
